 Dungeon Crawl Stone Soup version 0.13-a0-2979-gb6a86b3 (webtiles) character file.

197 4tharraofdagon the Ducker (level 4, 1/20 HPs)
             Began as a Felid Monk on Sept 7, 2013.
             Was a Priest of Makhleb.
             Quit the game on Level 4 of the Dungeon.
             The game lasted 00:06:15 (1603 turns).

4tharraofdagon the Ducker (Felid Monk)              Turns: 1603, Time: 00:06:15

HP   1/20        AC  1     Str  8      XL: 4   Next: 10%
MP   6/6         EV 21     Int 11      God: Makhleb [***...]
Gold 123         SH  0     Dex 18      Spells:  0 memorised,  3 levels left
Lives: 0, deaths: 1

Res.Fire  : . . .   See Invis. : +     - Unarmed
Res.Cold  : . . .   Warding    : .   (armour unavailable)
Life Prot.: + . .   Conserve   : .   (shield unavailable)
Res.Poison: .       Res.Corr.  : .   (helmet unavailable)
Res.Elec. : .       Clarity    : .   (cloak unavailable)
Sust.Abil.: . .     Spirit.Shd : .   (gloves unavailable)
Res.Mut.  : .       Stasis     : .   (boots unavailable)
Res.Rott. : .       Flight     : .   (no amulet)
Saprovore : . . .                    n - ring of positive energy {unknown}
                                     j - ring of sustenance

@: mildly poisoned, very slightly contaminated, hasted, very quick, slightly
resistant to hostile enchantments, quite stealthy
A: paw claws, no armour, no advanced items, fangs 3, see invisible, carnivore 3,
speed 1, slow metabolism 1, AC +1
a: Minor Destruction, Lesser Servant of Makhleb, Renounce Religion


You were on level 4 of the Dungeon.
You worshipped Makhleb.
Makhleb was greatly pleased with you.
You were completely stuffed.

You visited 1 branch of the dungeon, and saw 4 of its levels.

You collected 123 gold pieces.

Inventory:

Comestibles
 b - 2 meat rations
 f - 2 chunks of orc flesh
Scrolls
 a - a scroll of fear
 c - a scroll of random uselessness {unknown}
 d - a scroll of teleportation {unknown}
 e - a scroll of identify {unknown}
 g - a scroll of amnesia {unknown}
 h - 3 scrolls of remove curse {unknown}
 k - a scroll of magic mapping {unknown}
 l - a scroll of fog {unknown}
 m - a scroll of curse jewellery {unknown}
 o - a scroll of blinking {unknown}
Jewellery
 j - a ring of sustenance (left paw)
 n - a ring of positive energy (right paw) {unknown}


   Skills:
 + Level 2.8 Fighting
 + Level 5.0 Dodging
 - Level 2.6 Stealth
 * Level 4.5 Unarmed Combat


You had 3 spell levels left.
You didn't know any spells.

Dungeon Overview and Level Annotations

Branches:
Dungeon (4/27)
 Temple: D:4-7

Altars:
Cheibriados
Makhleb

Annotations:
D:4 Eustachio


Innate Abilities, Weirdness & Mutations

You cannot wear armour.
You are incapable of any advanced item manipulation.
Your paws have sharp claws.
You have razor-sharp teeth.
You have supernaturally acute eyesight.
You are carnivorous and can eat meat at any time.
You cover ground quickly.
You are covered in fur (AC +1).
You have a slow metabolism.


Message History

* * * LOW HITPOINT WARNING * * *
You feel sick.
You see here a poisoned needle.
You see here a poisoned needle.
* * * LOW HITPOINT WARNING * * *
You feel sick.
* * * LOW HITPOINT WARNING * * *
You feel sick.
You feel a little better.
Things that are here:
an orcish club; an orcish ring mail
* * * LOW HITPOINT WARNING * * *
You feel sick.
There is an open door here.
* * * LOW HITPOINT WARNING * * *
You feel sick.
You aren't carrying any potions.
Read which item? (? for menu, Esc to quit)
Okay, then.
Are you sure you want to abandon this character and quit the game? (Confirm with "yes".)

#........#
#........#
#........#
#........#
#........#
#........#
#.(......#
#........#
#...@....#
#........#
####'#####
#)# #.#
#(# #r#
#5# #5#


You could see a white imp, an ufetubus and a quokka.

Vanquished Creatures
  2 worker ants (D:4)
  2 adders (D:3)
  5 orcs (D:4)
  A ball python (D:3)
  3 hobgoblins
  9 jackals
  7 kobolds
  6 bats
  2 giant newts (D:1)
  5 goblins
  7 rats
49 creatures vanquished.

Notes
Turn   | Place    | Note
--------------------------------------------------------------
     0 | D:1      | 4tharraofdagon, the Felid Monk, began the quest for the Orb.
     0 | D:1      | Reached XP level 1. HP: 9/9 MP: 1/1
   138 | D:2      | Found a burning altar of Makhleb.
   143 | D:2      | Became a worshipper of Makhleb the Destroyer
   143 | D:2      | Acquired Makhleb's first power
   143 | D:2      | Acquired Makhleb's second power
   190 | D:1      | Reached XP level 2. HP: 13/13 MP: 2/2
   557 | D:3      | Reached XP level 3. HP: 16/16 MP: 4/4
   782 | D:3      | Found a snail-covered altar of Cheibriados.
  1216 | D:3      | Reached XP level 4. HP: 11/20 MP: 6/6
  1443 | D:4      | HP: 1/20 [worker ant (1)]
  1445 | D:4      | Slain by a worker ant
  1446 | D:4      | Reached XP level 3. HP: -3/16 MP: 4/4
  1481 | D:4      | Reached skill level 5 in Dodging
  1529 | D:4      | Acquired Makhleb's third power
  1530 | D:4      | Reached XP level 4. HP: 20/20 MP: 6/6
  1583 | D:4      | Noticed Eustachio
  1602 | D:4      | HP: 1/20 [poisoned by a kobold]
  1603 | D:4      | Quit the game

Action                   |  1- 3 |  4- 6 || total
-------------------------+-------+-------++-------
Melee: Unarmed           |   138 |    39 ||   177
Invok: Minor Destruction |       |     4 ||     4
  Use: Potion            |     2 |     2 ||     4
       Scroll            |     2 |       ||     2
 Stab: Sleeping          |     9 |       ||     9
